 Dungeon Crawl Stone Soup version 0.18.1-50-g88ac8fd (webtiles) character file.

38 mmcf the Sneak (level 3, -5/21 HPs)
             Began as a Kobold Assassin on Sept 16, 2016.
             Killed from afar by Sigmund (8 damage)
             ... with a puff of flame
             ... on level 2 of the Dungeon.
             The game lasted 00:02:56 (1488 turns).

mmcf the Sneak (Kobold Assassin)                    Turns: 1488, Time: 00:02:57

Health: -5/21      AC:  3    Str:  9    XL:     3   Next: 65%
Magic:  3/3        EV: 14    Int:  9    God:
Gold:   55         SH:  0    Dex: 18    Spells: 0 memorised, 2 levels left

rFire  . . .     SeeInvis .     b - +0 blowgun
rCold  . . .     Gourm    .     c - +0 robe
rNeg   . . .     Faith    .     (shield restricted)
rPois  .         Spirit   .     (no helmet)
rElec  .         Dismiss  .     d - +0 cloak
rCorr  .         Reflect  .     (no gloves)
SustAt .         Harm     .     (no boots)
MR     .....                    (no amulet)
Stlth  ++++......               (no ring)
                                (no ring)

@: not resistant to hostile enchantments, stealthy
A: carnivore 3
a: no special abilities


You were on level 2 of the Dungeon.
You were full.

You visited 1 branch of the dungeon, and saw 3 of its levels.

You collected 55 gold pieces.

Inventory:

Hand Weapons
 a - a +2 dagger
 b - a +0 blowgun (weapon)
Missiles
 r - a curare-tipped needle (quivered)
Armour
 c - a +0 robe (worn)
 d - a +0 cloak (worn)
Scrolls
 h - 3 scrolls of identify {unknown}
 i - a scroll of fog {unknown}
 j - 3 scrolls of teleportation {unknown}
 k - a scroll of immolation {unknown}
 l - a scroll of noise {unknown}
 n - a scroll of amnesia {unknown}
Potions
 f - a potion of degeneration {unknown}
 p - a potion of curing {unknown}
Comestibles
 g - a meat ration
 o - a royal jelly


   Skills:
 - Level 2.1 Fighting
 + Level 3.2 Short Blades
 - Level 2.1 Throwing
 - Level 1.2 Dodging
 * Level 6.7 Stealth


You had 2 spell levels left.
You didn't know any spells.

Dungeon Overview and Level Annotations

Branches:
Dungeon (3/15)

Altars:

Annotations:
D:2 Sigmund


Innate Abilities, Weirdness & Mutations

You are small and have problems with some larger weapons.
You are carnivorous and can eat meat at any time.


Message History

Aim: Sigmund, wielding a scythe and wearing a robe (severely wounded, poisoned)
You shoot a needle of sleeping.
The needle of sleeping closely misses Sigmund.
Firing (i - inventory. (,) - cycle):
m - 2 needles of sleeping (quivered)
Press: ? - help, Shift-Dir - straight line, f/p - Sigmund
Aim: Sigmund, wielding a scythe and wearing a robe (severely wounded, poisoned)
You shoot a needle of sleeping. The needle of sleeping hits Sigmund.
Sigmund resists.
Sigmund is severely wounded.
Sigmund barely misses you.
Firing (i - inventory. (,) - cycle):
m - a needle of sleeping (quivered)
Press: ? - help, Shift-Dir - straight line, f/p - Sigmund
Aim: Sigmund, wielding a scythe and wearing a robe (severely wounded, poisoned)
You shoot a needle of sleeping.
The needle of sleeping closely misses Sigmund.
Sigmund hits you from afar with a scythe!
* * * LOW HITPOINT WARNING * * *
Sigmund gestures at you while chanting. The puff of flame hits you!
You die...

### ##.#####.#.##..#.##...
>.##### #...........<.....)....
......####.#####.#.#...#.#######
...........#####.#.#...#.#
......####.#.....#.#...#.#
.........................
......######.....#.#...#.#
......# #.....#.#...#... ......#
#....@#.#...######### ......#
#.....#.#............ #######
#####.# ........
#.#######...####.
#.@(.((..(.......
#########....###. # ....(@.....#
.. .(.(.......#
#.##########....#


You could see Sigmund.

Vanquished Creatures
  Terence (D:3)
  A dart slug (D:2)
  2 giant cockroaches
  4 goblins (D:1)
  2 hobgoblins (D:1)
  A giant newt (D:1)
  A kobold (D:1)
  3 rats (D:1)
15 creatures vanquished.

Notes
Turn   | Place    | Note
--------------------------------------------------------------
     0 | D:1      | mmcf the Kobold Assassin began the quest for the Orb.
     0 | D:1      | Reached XP level 1. HP: 12/12 MP: 1/1
   520 | D:1      | Reached XP level 2. HP: 17/17 MP: 2/2
   704 | D:2      | Noticed Sigmund
  1027 | D:1      | Reached skill level 6 in Stealth
  1347 | D:3      | Noticed Terence
  1368 | D:3      | Killed Terence
  1368 | D:3      | Reached XP level 3. HP: 16/21 MP: 3/3
  1488 | D:2      | Killed from afar by Sigmund

Skill      XL: |  1  2 |
---------------+-------+-----
Stealth        | 6 |  6.7
Short Blades   | 3 |  3.2
Fighting       | |  2.1
Throwing       | |  2.1
Dodging        | |  1.2

Action                   || total
-------------------------++-------
Melee: Dagger            ||    25
 Fire: Blowgun           ||    20
 Stab: Sleeping          ||     8
       Distracted        ||     1
  Eat: Chunk             ||     7
Dodge: Dodged            ||    12
